 Dungeon Crawl Stone Soup version 0.31.0 (webtiles) character file.

Game seed: 650722372428531514

140 ChrisAssaf the Apothecary (level 5, 0/40 HPs)
             Began as a Draconian Alchemist on Jan 20, 2024.
             Was a Believer of Lugonu.
             Slain by a gnoll
             ... wielding a +0 whip
             ... led by a gnoll bouda
              (2 damage)
             ... on level 3 of the Dungeon.
             The game lasted 00:09:51 (1993 turns).

ChrisAssaf the Apothecary (Draconian Alchemist)     Turns: 1993, Time: 00:09:52

Health: 0/40       AC:  5    Str: 10    XL:     5   Next: 2%
Magic:  1/8        EV: 12    Int: 17    God:    Lugonu [**....]
Gold:   45         SH:  0    Dex: 12    Spells: 2/8 levels left

rFire   . . .        d - +0 long sword
rCold   . . .        (no shield)
rNeg    . . .        (body armour unavailable)
rPois   .            (helmet restricted)
rElec   .            (no cloak)
rCorr   .            (no gloves)
SInv    .            (no boots)
Will    +....        (no amulet)
Stlth   ++           e - ring of willpower
HPRegen 0.26/turn    (no ring)
MPRegen 0.11/turn

%: no passive effects
@: no status effects
A: AC +5, unfitting armour, cold-blooded
a: Renounce Religion, Depart the Abyss, Banish


You were on level 3 of the Dungeon.
You worshipped Lugonu.
Lugonu was pleased with you.
You visited 1 branch of the dungeon, and saw 4 of its levels.

You collected 45 gold pieces.

Inventory:

Hand Weapons
 a - a +0 sling of flaming
 d - a +0 long sword (weapon)
Jewellery
 e - a ring of willpower (left hand)


   Skills:
 * Level 1.1 Fighting
 - Level 0.8(1.0) Short Blades
 * Level 0.9(1.1) Long Blades
 * Level 0.1 Ranged Weapons
 * Level 2.2 Dodging
 * Level 2.1 Stealth
 * Level 2.4 Spellcasting
 * Level 1.6 Conjurations
 * Level 1.1 Air Magic
 * Level 3.7 Alchemy
 * Level 1.2 Invocations


You had 2 spell levels left.
You knew the following spells:

 Your Spells              Type           Power      Damage    Failure   Level
a - Sting                 Conj/Alch      44%        1d5       6%          1
b - Mercury Vapours       Alch/Air       20%        N/A       11%         2
c - Mephitic Cloud        Conj/Alch/Air  9%         N/A       22%         3

Your spell library contained the following spells:

 Spells                   Type           Power      Damage    Failure   Level
 Olgreb's Toxic Radiance  Alch           14%        N/A       36%         4
 Sticky Flame             Fire/Alch      8%         2d4       65%         4


Dungeon Overview and Level Annotations

Branches:
Dungeon (4/15)
 Temple: D:4-7

Altars:
The Shining One
Lugonu


Innate Abilities, Weirdness & Mutations

Your plain brown scales are hard. (AC +5)
You cannot fit into any form of body armour.
You are cold-blooded and may be slowed by cold attacks.


Message History

Casting: Sting (safe; 6% risk of failure)
Confirm with . or Enter, or press ? or * to list all spells.
Aiming: Mercury Vapours (safe; 11% risk of failure)
Press: ? - help, Dir - move target, f/p - gnoll
Aim: a gnoll, wielding a +0 whip and quivering a throwing net (covering ground quickly, poisoned, chance to weaken: 100%) Fumes of mercury billow around the gnoll!
The gnoll looks even sicker.
The gnoll looks weaker.
The quokka looks weaker.
The gnoll hits you with a +0 whip. The quokka misses you.
The gnoll hits you but does no damage.
You barely miss the gnoll.
You tail-slap the gnoll, but do no damage.
The gnoll is lightly wounded.
The quokka misses you. The gnoll hits you with a +0 whip.
* * * LOW HITPOINT WARNING * * *
The gnoll closely misses you.
The quokka bites you but does no damage.
The gnoll misses you.
Casting: Mercury Vapours (safe; 11% risk of failure)
Confirm with . or Enter, or press ? or * to list all spells.
Aiming: Sting (safe; 6% risk of failure)
Press: ? - help, Shift-Dir - straight line, f - quokka, p - gnoll
Aim: a quokka (weak, 60% to hit)
The sting hits the quokka.
The quokka is poisoned.
The quokka is heavily wounded.
The gnoll hits you but does no damage. The quokka closely misses you.
The gnoll hits you but does no damage.
You aren't carrying any potions.
Unknown command.
You completely miss the quokka. You tail-slap the quokka.
You kill the quokka!
Lugonu accepts your kill. The gnoll closely misses you.
The gnoll hits you with a +0 whip!
* * * LOW HITPOINT WARNING * * *
The gnoll misses you.
The gnoll is no longer weakened.
The gnoll barely misses you.
Things that are here:
a +0 leather armour; a +0 club; a quokka corpse The gnoll attacks as it pursues you!
The gnoll closely misses you. The gnoll hits you with a +0 whip.
You die...

################
#....>...g.....###########
#.######.g@..............#
#)# #>#########.#####.# #.#
##(## ####.#####.# #.#
###.[.#####)......##.#
#o###......[รท.).#####.##.#
#...............#.# #..#.#
#.#.#........[<...# #....#
.................#.# #.)#.#
###
###.....##...##.#####..#.#


You could see 2 gnolls.

Vanquished Creatures
  An orc priest (D:3)
  An orc wizard (D:3)
  2 adders (D:2)
  A white imp (D:3)
  A dart slug (D:2)
  A ribbon worm (D:2)
  8 orcs (D:3)
  4 endoplasms
  2 giant cockroaches (D:3)
  6 goblins
  A hobgoblin (D:1)
  A quokka (D:3)
  3 ball pythons
  2 bats
  6 frilled lizards
  A goblin skeleton (D:3)
  6 hobgoblin zombies (D:3)
  2 kobolds
  An orc skeleton (D:3)
  An orc zombie (D:3)
  2 rats
53 creatures vanquished.

Notes
Turn   | Place    | Note
-------+----------+-------------------------------------------
     0 | D:1      | ChrisAssaf the Draconian Alchemist began the quest for the
                  | Orb.
     0 | D:1      | Reached XP level 1. HP: 14/14 MP: 3/3
   311 | D:1      | Reached XP level 2. HP: 20/20 MP: 5/5
   332 | D:1      | Learned a level 2 spell: Mercury Vapours
   892 | D:2      | Found a faded altar of an unknown god.
   901 | D:2      | Prayed at the altar of an unknown god.
   901 | D:2      | Became a worshipper of Lugonu the Unformed
   901 | D:2      | Reached * piety under Lugonu
   974 | D:2      | Reached XP level 3. HP: 27/27 MP: 4/6
   985 | D:2      | Learned a level 3 spell: Mephitic Cloud
  1085 | D:3      | Found a glowing golden altar of the Shining One.
  1735 | D:3      | Reached ** piety under Lugonu
  1766 | D:3      | HP: 1/27 [orc priest/divine providence (12)]
  1770 | D:3      | Reached skill level 1 in Fighting
  1770 | D:3      | Reached skill level 1 in Air Magic
  1770 | D:3      | Reached skill level 1 in Invocations
  1770 | D:3      | Reached XP level 4. HP: 31/35 MP: 2/7
  1972 | D:3      | Reached XP level 5. HP: 40/40 MP: 4/8
  1991 | D:3      | HP: 2/40 [gnoll/+0 whip[a gnoll bouda] (7)]
  1993 | D:3      | Slain by a gnoll

Illustrated notes

Levels and vault maps discovered:
D:1:      saegor_arrival_simple_b, layout_loops_ring, serial_shops, shop, shop,
          chequers_garden, minmay_misc_feat_alley, kennysheep_another_room,
          kennysheep_minor_cross
D:2:      layout_basic, ebering_ecumenical_altar_abandoned
D:3:      layout_loops_ring, nicolae_tso_besieged_by_evil,
          uniq_crazy_yiuf_cottage
D:4:      minmay_razor_zed, layout_basic, serial_shops, shop,
          nicolae_shop_rolling_square, shop, shop,
          nicolae_shop_temple_entry_statues_fountains

Skill      XL: |  1  2  3 |
---------------+----------+-----
Dodging        | 2 |  2.2
Stealth        | 2 |  2.1
Fighting       | 1 |  1.1
Air Magic      | 1 |  1.1
Invocations    | 1 |  1.2
Short Blades   | |  0.8
Long Blades    | |  0.9
Ranged Weapons | |  0.1
Spellcasting   | |  2.4
Conjurations   | |  1.6
Alchemy        | |  3.7

Action                     |  1- 3 |  4- 6 || total
---------------------------+-------+-------++-------
  Melee: Dagger            |    65 |       ||    65
         Tailslap          |    11 |     6 ||    17
         Long sword        |    16 |    22 ||    38
         Punch             |       |     1 ||     1
   Fire: Sling             |       |     2 ||     2
   Cast: Sting             |    34 |     7 ||    41
         Mercury Vapours   |     5 |     4 ||     9
         Mephitic Cloud    |     1 |     1 ||     2
    Use: Potion            |     3 |       ||     3
         Scroll            |     2 |       ||     2
   Stab: Sleeping          |     2 |       ||     2
         Confused          |       |     1 ||     1
 Armour: Skin              |    45 |    39 ||    84
  Dodge: Dodged            |    40 |    28 ||    68
